 Dungeon Crawl Stone Soup version 0.9.0-27-g8a39726 character file.

1841903 GreatZebu the Intangible (level 27, 199/214 HPs)
             Began as a Halfling Berserker on Feb 13, 2012.
             Was a High Priest of Trog.
             Escaped with the Orb
             ... and 4 runes on Feb 17, 2012!
             The game lasted 12:12:48 (108996 turns).

GreatZebu the Intangible (Halfling Berserker)     Turns: 108996, Time: 12:12:48

HP 199/214       AC 26     Str 15      XL: 27
MP  25/25        EV 41     Int 10      God: Trog [*****.]
Gold 6020        SH 40     Dex 31      Spells:  0 memorised, 28 levels left

Res.Fire  : + + +   See Invis. : +   a - +7,+6 demon blade (flame)
Res.Cold  : + . .   Warding    : . . r - +4 troll leather armour
Life Prot.: + + .   Conserve   : +   V - +3 shield {AC+3}
Res.Acid. : + . .   Res.Corr.  : +   S - +3 crown of Dyrovepreva {Hunger rElec Int+
Res.Poison: +       Clarity    : .   M - +2 cloak {rCorr, Cons}
Res.Elec. : +       Spirit.Shd : .   k - +2 pair of gloves "Felul" {rF++ rN+ Stlth+
Sust.Abil.: . .     Stasis     : .   Q - +2 pair of boots
Res.Mut.  : +       Ctrl.Telep.: x   s - amulet of resist mutation
Res.Rott. : .       Levitation : .   i - ring "Lotoesha" {-CAST rF++ rC+ Dex+2 Dam+ Saprovore : . . . Ctrl.Flight: . T - ring of Cirent {rPois rN+ MR Stlth--}

@: extremely resistant to hostile enchantments, incredibly stealthy
A: horns 1, deterioration 1, mutation resistance 1, slow metabolism 1, Str +1,
Int +1
a: Burn Spellbooks, Berserk, Trog's Hand, Brothers in Arms, Renounce Religion
}: 4/15 runes: serpentine, barnacled, silver, abyssal


You escaped.
You worshipped Trog.
Trog was exalted by your worship.
You were full.

You visited 10 branches of the dungeon, and saw 69 of its levels.
You visited the Abyss 1 time.
You visited 1 Labyrinth.
You visited 3 portal chambers: sewer, ice cave, wizlab.

You collected 7822 gold pieces.
You spent 1822 gold pieces at shops.

Inventory:

Hand weapons
 a - a +7,+6 demon blade of flaming (weapon)
 b - the +2,+5 sling of Trog's Fury {god gift, velocity, Dex+3}
   (Trog gifted it to you on level 3 of the Shoals)

   Any stone fired from it inflicts extra damage.
   It affects your dexterity (+3).
 c - a +2,+4 anti-magic demon blade {god gift}
Missiles
 o - 15 +4 sling bullets of flame {god gift}
 E - 6 +4 sling bullets of frost {god gift}
 F - 31 steel +5 sling bullets {god gift}
Armour
 k - the +2 pair of gloves "Felul" (worn) {rF++ rN+ Stlth++}
   (You found it in a Labyrinth)

   It greatly protects you from fire.
   It protects you from negative energy.
   It makes you much more stealthy.
 r - a +4 troll leather armour (worn)
 M - a +2 cloak of preservation (worn)
 Q - a +2 pair of boots (worn)
 S - the +3 crown of Dyrovepreva (worn) {Hunger rElec Int+2 SInv}
   (You bought it in a shop on level 2 of the Orcish Mines)

   It affects your intelligence (+2).
   It insulates you from electricity.
   It enhances your eyesight.
   It speeds your metabolism.
 V - a +3 shield of protection (worn)
Magical devices
 g - a wand of healing (2)
 m - a wand of teleportation (7)
 x - a wand of cold (11)
 y - a wand of digging (11)
 P - a wand of healing (9)
 R - a wand of fire (10)
 U - a wand of invisibility (8)
Comestibles
 u - 6 honeycombs
 B - an apple
 J - 7 royal jellies
Scrolls
 d - a scroll of recharging
 h - a scroll of identify
 l - 4 scrolls of remove curse
 p - 3 scrolls of fear
 t - 2 scrolls of blinking
 w - a scroll of detect curse
 z - 2 scrolls of fog
Jewellery
 f - an uncursed amulet of warding
 i - the ring "Lotoesha" (right hand) {-CAST rF++ rC+ Dex+2 Dam+2}
   (You found it on level 25 of the Dungeon)

   [ring of protection from cold]

   It affects your dexterity (+2).
   It affects your damage-dealing abilities (+2).
   It greatly protects you from fire.
   It prevents spellcasting.
 n - a cursed ring of teleportation
 s - an amulet of resist mutation (around neck)
 v - a +5 ring of protection
 L - the ring "Clymees" {Regen rF+ Int+2}
   (You found it on level 5 of the Shoals)

   [ring of regeneration]

   It affects your intelligence (+2).
   It protects you from fire.
 T - the ring of Cirent (left hand) {rPois rN+ MR Stlth--}
   (You found it in the Abyss)

   [ring of poison resistance]

   It protects you from negative energy.
   It increases your resistance to enchantments.
   It makes you much less stealthy.
 Y - the amulet "Miczaf" {rCorr rC++ Str-1}
   (You found it on level 8 of the Vaults)

   [amulet of resist corrosion]

   It affects your strength (-1).
   It greatly protects you from cold.
Potions
 j - 7 potions of healing
 q - a potion of levitation
 X - 2 potions of resistance
 Z - 2 potions of speed
Magical staves
 D - a +3 rod of summoning (12/12)
   (You found it on level 8 of the Vaults)
Orbs of Power
 A - the Orb of Zot


   Skills:
 + Level 23 Fighting
 + Level 18 Long Blades
 - Level 3 Axes
 + Level 19 Slings
 - Level 5 Throwing
 + Level 10 Armour
 O Level 27 Dodging
 - Level 16 Stealth
 - Level 1 Stabbing
 - Level 21 Shields
 - Level 12 Traps & Doors
 - Level 1 Unarmed Combat
 - Level 1 Spellcasting
 - Level 8 Evocations


You had 28 spell levels left.
You didn't know any spells.

Dungeon Overview and Level Annotations

Branches:
Dungeon (27/27)            Temple (0/1) D:5             Orc (4/4) D:9
    Elf (4/5) Orc:4          Lair (8/8) D:8          Shoals (5/5) Lair:6
  Slime (0/6) Lair:7        Snake (5/5) Lair:5         Hive (2/2) D:15
  Vault (8/8) D:16          Blade (0/1) Vault:5         Zot (5/5) D:27
  Crypt: Vault:2-4      Dis: Hell:1         Geh: Hell:1         Coc: Hell:1
    Tar: Hell:1

Altars:
Ashenzari
Makhleb
Okawaru
Xom
Yredelemnul
Beogh

Shops:
D:4: + D:5: ( D:12: * D:19: = D:25: ! Orc:2: [ Orc:4: (%/(% Elf:1: / Elf:2: ( Elf:3: + Vault:1: [ Vault:2: *+/ Vault:3: ( Vault:4: = Vault:7: (

Portals:
Hell: D:21 D:22 D:23 D:24 D:25 D:26 D:27
Abyss: D:21 D:23 D:25
Pan: D:23 D:24 D:25
Ziggurat: D:25 (4570 gp)

Annotations
D:5 grinder, prince ribbit
D:14 exclusion: ice statue
Snake:3 exclusion: silver statue
Hive:2 exclusion: 4 oklob plants
Vault:3 exclusion: curse skull
Zot:5 1 exclusion


Innate Abilities, Weirdness & Mutations

You are small and have problems with some larger weapons.
You are somewhat resistant to further mutation.
You have a slow metabolism.
You have a pair of small horns on your head.
Your mind is acute (Int +1).
Your body is slowly deteriorating.
Your muscles are strong (Str +1).


Message History

There is a stone staircase leading down here.
Move the cursor to view the level map, or type ? for a list of commands.
Returning to the game...
Move the cursor to view the level map, or type ? for a list of commands.
Returning to the game...
Evoke which item? (* to show all) (? for menu, Esc to quit)
Zapping:
y - a wand of digging (12)
Press: ? - help, Shift-Dir - straight line The rock liquefies and sinks out of sight.
This wand has 11 charges left.
You enter the shallow water.
Moving in this stuff is going to be slow.
There is some shallow water here.
There is some shallow water here.
There is some shallow water here.
You found a trap!
There is some shallow water here.
There is a staircase leading out of the dungeon here.
Are you sure you want to win?
You have escaped!

#.# #.# ##.#
#.###### #..#
#[...... #.##
######## #^#
#≈≈≈### #.#
#≈≈≈≈## #.#
#≈≈≈≈#
#.#######≈≈≈≈
#.##@.....≈≈≈
#.##.......≈≈
#.##.......≈≈
#.##.......≈≈
#.##.......≈≈
####.##.......≈≈
#....##.......^≈
#....##........≈
#....##>.......≈


There were no monsters in sight!

Vanquished Creatures
  4 orbs of fire (Zot:5)
  2 ancient liches (Zot:5)
  Boris (Vault:4)
  5 curse toes
  3 Killer Klowns (Zot:5)
  Margery (D:25)
  Geryon (Hell)
  3 golden dragons
  3 electric golems
  18 Orb Guardians (Zot:5)
  2 titans (Vault:8)
  3 ghost moths
  13 shadow dragons
  2 sphinxes
  16 storm dragons
  Rupert (Snake:3)
  Agnes (D:22)
  5 liches
  Frances (Snake:5)
  2 draconian monks
  A ghoul (Zot:4)
  An orc warlord (Orc:2)
  3 Executioners
  3 Balrugs
  3 bone dragons
  3 draconian scorchers
  The ghost of buffalo66 the Eclecticist, a mighty DEWz of Kikubaaqudgha (Snake:4)
  Wiglaf (Snake:5)
  7 draconian zealots
  Louise (Vault:2)
  5 frost giants
  40 stone giants
  14 tentacled monstrosities
  4 fire giants
  2 draconian annihilators (Zot:1)
  An azure jelly (shapeshifter) (D:27)
  4 draconian shifters
  A Cacodemon (D:27)
  3 draconian callers
  A grey draconian (Zot:3)
  A greater naga (Snake:5)
  4 green draconians
  Jozef (D:13)
  6 mottled draconians
  5 purple draconians
  A dire elephant (shapeshifter) (Vault:8)
  7 pale draconians
  8 red draconians
  Azrael (D:14)
  A Blue Death (Hell)
  7 yellow draconians
  8 black draconians
  6 white draconians
  A deep elf sorcerer (Vault:8)
  A Green Death (Abyss)
  A spriggan defender (D:27)
  An ettin (shapeshifter) (Vault:7)
  Snorg (Snake:2)
  A dragon (shapeshifter) (Vault:1)
  10 ettins
  A minotaur (Lab)
  12 dragons
  32 vault guards
  2 storm dragon zombies
  39 yaktaur captains
  A titan skeleton (D:24)
  5 sirens
  2 storm dragon skeletons
  A golden dragon zombie (Zot:3)
  2 great orbs of eyes
  Harold (Orc:2)
  15 ice dragons
  2 merfolk javelineers (Shoals:5)
  10 death cobs
  An alligator (shapeshifter) (Vault:8)
  2 merfolk aquamancers (Shoals:5)
  A sphinx zombie (Vault:4)
  Nessos (Orc:2)
  8 anacondas
  An alligator snapping turtle (Shoals:4)
  13 ogre magi
  2 shadow dragon zombies
  A spriggan berserker (D:27)
  The ghost of tsouns the Protected, an experienced MDBe of Trog (D:10)
  12 crystal golems (D:21)
  2 spriggan druids (D:27)
  3 stone giant zombies
  4 sun demons
  4 merfolk impalers
  3 hydras
  A sphinx skeleton (Abyss)
  3 draconian zombies
  A fire giant zombie (Vault:6)
  Nergalle (Snake:4)
  3 orc high priests (Orc:4)
  A draconian (shapeshifter) (D:18)
  3 fire giant skeletons
  4 very ugly things
  6 elves (shapeshifter)
  11 stone giant skeletons
  Erolcha (D:13)
  An iron golem (Vault:6)
  10 deep trolls
  A frost giant skeleton (Abyss)
  A storm dragon simulacrum (Zot:3)
  11 hell knights
  25 centaur warriors
  7 sea snakes
  8 ice devils
  12 iron trolls
  A shadow wraith (Vault:6)
  11 humans (Port)
  15 skeletal warriors
  7 large large abominations (Abyss)
  16 deep elf knights
  6 soul eaters
  2 flaming corpses
  9 naga warriors
  A dire elephant skeleton (Hell)
  A human (shapeshifter) (D:20)
  5 unseen horrors
  A purple draconian zombie (Abyss)
  14 hill giants
  A death yak zombie (Abyss)
  5 flayed ghosts
  3 lindwurms
  2 ice statues (Port)
  2 iron troll zombies
  A hellion (D:8)
  6 orc sorcerers
  25 orc knights
  A swamp dragon (Snake:1)
  A wizard (D:27)
  A green draconian skeleton (Zot:3)
  Pikel (D:6)
  6 giant amoebae
  A hydra zombie (D:16)
  A minotaur zombie (Lab)
  2 guardian serpents (D:9)
  11 harpies
  A yellow draconian skeleton (Abyss)
  A siren zombie (Abyss)
  Urug (Orc:2)
  An oklob plant (D:26)
  10 necromancers
  3 red wasps
  2 shining eyes (shapeshifter)
  4 griffons
  A catoblepas zombie (Hell)
  2 iron troll skeletons
  24 moths of wrath
  8 cyclopes
  A hydra skeleton (D:16)
  2 weapon mimics
  A phantasmal warrior (Zot:3)
  2 fire crabs
  A stone golem (D:18)
  Maurice (D:13)
  2 ettin zombies (Vault:6)
  A trapdoor spider (D:17)
  4 spiny worms
  2 sixfirhies
  30 black mambas
  11 spiny frogs
  A reaper (Hell)
  A griffon zombie (Abyss)
  3 wolf spiders
  An elephant slug (Lair:4)
  An elephant (shapeshifter) (Vault:8)
  3 orange demons
  An ettin skeleton (Vault:4)
  2 trapdoor spiders (shapeshifter)
  3 eyes of devastation
  A giant toad zombie (D:18)
  A wolf spider (shapeshifter) (Vault:8)
  32 rock trolls
  51 yaktaurs
  An alligator skeleton (Hell)
  11 hellwings
  10 elephants
  An efreet (D:15)
  A guardian mummy (Zot:4)
  Psyche (Orc:4)
  A rock troll (shapeshifter) (D:25)
  A silent spectre (Abyss)
  84 slime creatures
  A harpy simulacrum (Vault:2)
  6 mermaids
  A pale draconian simulacrum (Abyss)
  30 naga magi
  13 trolls
  5 komodo dragons
  11 smoke demons
  13 snapping turtles
  78 ugly things
  29 spriggans
  5 human zombies
  2 iron devils (Hell)
  2 spriggans (shapeshifter)
  23 two-headed ogres
  6 redbacks
  A rock troll zombie (D:17)
  24 blink frogs
  A spiny frog zombie (Hell)
  A troll (shapeshifter) (D:15)
  A deep troll zombie (Vault:5)
  A deep troll skeleton (Vault:8)
  A hairy devil (Hell)
  2 demonic crawlers (Abyss)
  4 queen bees
  2 giant fireflies (D:27)
  A basilisk (shapeshifter) (D:15)
  9 grizzly bears
  A snapping turtle skeleton (Abyss)
  4 wraiths
  A griffon simulacrum (D:16)
  An ice dragon simulacrum (Zot:3)
  6 bumblebees (D:26)
  An ettin simulacrum (Vault:5)
  11 giant toads
  3 vampires
  2 fire elementals (Abyss)
  59 yaks
  7 basilisks
  10 blue devils
  15 deep elf conjurers
  13 hell beasts
  17 deep elf summoners
  2 merfolk (shapeshifter)
  A viper (shapeshifter) (D:22)
  6 sharks
  A yak (shapeshifter) (Vault:2)
  A fire crab zombie (D:15)
  A steam dragon (D:11)
  3 vipers
  4 hungry ghosts
  7 ynoxinuls
  A clay golem (D:17)
  2 wyverns
  15 deep elf fighters
  A war dog (shapeshifter) (D:22)
  3 neqoxecs
  A fire drake (Zot:1)
  49 merfolk
  16 hippogriffs
  A yaktaur zombie (D:13)
  21 vampire mosquitoes
  A hill giant simulacrum (D:20)
  9 manticores
  2 rock worms
  5 mottled dragons
  2 cyclops zombies
  2 orange crystal statues (D:21)
  3 war dogs (Lair:4)
  4 soldier ants
  13 insubstantial wisps
  A yaktaur skeleton (D:22)
  3 cyclops skeletons
  A necrophage (Hell)
  2 small abominations (Abyss)
  11 freezing wraiths
  11 hell hounds
  14 black bears
  5 phantoms
  6 sky beasts
  7 deep elf priests
  68 ogres
  3 red devils
  9 giant goldfish
  55 orc warriors
  A blink frog simulacrum (D:23)
  5 swamp drakes
  30 centaurs
  A yak skeleton (D:15)
  A slave (D:6)
  77 nagas
  10 ice beasts
  14 deep elf magi
  A lava worm (Hell)
  3 boring beetles
  Sigmund (D:2)
  15 crocodiles
  11 wargs
  26 wolves
  2 big kobolds
  43 water moccasins
  10 giant slugs
  A rotting devil (D:2)
  A yellow wasp zombie (D:17)
  2 brain worms
  A giant slug (shapeshifter) (Vault:8)
  A water moccasin (shapeshifter) (Vault:8)
  15 giant frogs
  11 wandering mushrooms
  5 elf zombies
  11 agate snails
  A basilisk zombie (D:15)
  A giant leech zombie (Hell)
  A jellyfish (Hell)
  An eye of draining (Vault:1)
  4 boulder beetles
  A lava fish (Elf:2)
  A pulsating lump (shapeshifter) (D:27)
  A killer bee zombie (D:17)
  29 wights
  198 killer bees
  4 goliath beetles
  3 shadows
  2 big kobold zombies
  39 orc priests
  A big kobold skeleton (D:12)
  11 electric eels
  A lava snake (Hell)
  12 imps
  4 big fish (Hive:2)
  2 quasits
  11 hounds
  4 hound skeletons
  11 iron imps
  37 orc wizards
  6 porcupines
  22 deep elf soldiers
  4 scorpions
  2 orange rat zombies (Hell)
  9 worker ants
  15 iguanas
  4 orange rats (Lair:4)
  30 sheep
  A worm zombie (D:19)
  Ijyb (D:6)
  12 jellies
  5 mummies
  10 midges
  4 giant centipedes
  13 gnolls
  39 green rats
  11 lemures
  A snake (shapeshifter) (Vault:8)
  2 giant centipede zombies
  An iguana zombie (D:10)
  11 white imps
  7 giant mites
  3 shadow imps
  2 snake skeletons
  39 snakes
  7 worms
  36 ufetubi
  A grey rat (Zot:3)
  A bat skeleton (D:12)
  7 giant eyeballs
  11 giant geckos
  3 oozes
  An ooze (shapeshifter) (Vault:8)
  An orc (shapeshifter) (Vault:7)
  277 orcs
  13 giant cockroaches
  23 goblins
  20 hobgoblins
  37 jackals
  20 kobolds
  13 quokkas
  32 bats
  A giant gecko skeleton (D:6)
  7 giant newts
  2 giant newt zombies (Hell)
  3 giant spores
  A jackal skeleton (D:7)
  53 killer bee larvae
  A kobold skeleton (D:5)
  3 orc skeletons
  An orc zombie (D:13)
  A quokka skeleton (D:10)
  31 rats
  A rat skeleton (D:7)
  3 small snakes (Port)
  6 spectral orcs (Snake:4)
  2 ballistomycetes (D:14)
  12 fungi
  12 plants
  11 toadstools
3424 creatures vanquished.

Vanquished Creatures (collateral kills)
  Mennas (D:24)
  An Ice Fiend (Port)
  The ghost of KingEdRock the Sorcerer, a mighty DEWz of Vehumet (Port)
  A fire giant (D:24)
  2 Executioners
  The ghost of buffalo66 the Destroyer, a powerful HuWz of Vehumet (Lair:1)
  2 greater nagas (Snake:5)
  A Green Death (Zot:5)
  A great orb of eyes (Abyss)
  A merfolk aquamancer (Shoals:5)
  2 merfolk javelineers (Shoals:5)
  A hydra (Lair:2)
  A rakshasa (Abyss)
  2 orc high priests (Orc:4)
  A large large abomination (Abyss)
  A naga warrior (Snake:5)
  An orc knight (D:24)
  A sea snake (Shoals:5)
  A harpy (Shoals:5)
  2 oklob plants
  A sixfirhy (Orc:4)
  A reaper (Abyss)
  An orc zombie (Orc:4)
  An orange demon (Orc:4)
  2 slime creatures (Vault:3)
  A mermaid (Shoals:5)
  A smoke demon (Orc:4)
  An orange crystal statue (Port)
  2 snapping turtles (Shoals:5)
  A wandering mushroom (Lair:1)
  A ynoxinul (Orc:4)
  A blue devil (Port)
  2 hippogriffs (Shoals:5)
  A merfolk (Shoals:5)
  An orc warrior (Orc:4)
  A red devil (Orc:4)
  A centaur (Vault:3)
  An ogre (Vault:3)
  A crocodile (D:7)
  A giant frog (Lair:1)
  3 wights (D:7)
  2 electric eels (Lair:7)
  2 orc priests (Orc:4)
  4 ufetubi (Orc:4)
  A worm (D:7)
  An orc skeleton (Orc:4)
61 creatures vanquished.

Vanquished Creatures (others)
  Frederick (D:25)
  2 Executioners (Zot:5)
  A tentacled monstrosity (Zot:5)
  A black draconian (Zot:4)
  A Green Death (Abyss)
  A yaktaur captain (D:26)
  A merfolk aquamancer (Shoals:5)
  An ogre mage (D:22)
  An ice dragon (D:27)
  A hill giant (Snake:5)
  A human (Port)
  A red draconian zombie (Zot:1)
  An orc knight (D:26)
  2 rock trolls
  A moth of wrath (Zot:1)
  46 slime creatures
  A yaktaur (Vault:6)
  3 trolls
  A naga mage (Snake:5)
  A spriggan (D:27)
  4 two-headed ogres
  A small abomination (Vault:3)
  A merfolk (Shoals:5)
  2 insubstantial wisps (D:26)
  7 ogres
  3 orc warriors
  A naga (Snake:2)
  2 centaurs (D:9)
  A giant frog (D:15)
  A goliath beetle (Vault:8)
  An orc priest (Shoals:5)
  A hound (D:9)
  2 iguanas
  A jelly (D:9)
  2 snakes
  3 white imps (Port)
  8 ufetubi
  8 orcs
  2 bats
  A hobgoblin (D:9)
  2 jackals (Lair:6)
  A kobold (D:9)
  A giant gecko skeleton (D:6)
  3 killer bee larvae
  A quokka (D:6)
  3 rats
  A butterfly (Vault:8)
  13 fungi
  6 plants (Lair:4)
  7 tentacles (Shoals:4)
  64 tentacle segments (Shoals:4)
  14 toadstools
237 creatures vanquished.

Grand Total: 3722 creatures vanquished

Notes
Turn   | Place    | Note
--------------------------------------------------------------
     0 | D:1      | GreatZebu, the Halfling Berserker, began the quest for the Orb.
     0 | D:1      | Reached XP level 1. HP: 16/16 MP: 0/0
   564 | D:1      | Reached XP level 2. HP: 15/21 MP: 1/1
  1387 | D:2      | Noticed Sigmund
  1425 | D:2      | Defeated Sigmund
  1425 | D:2      | Reached skill level 5 in Dodging
  1425 | D:2      | Reached XP level 3. HP: 27/27 MP: 2/2
  1425 | D:2      | Reached XP level 4. HP: 32/32 MP: 3/3
  1522 | D:2      | Reached XP level 5. HP: 36/36 MP: 4/4
  1645 | D:2      | Acquired Trog's second power
  1883 | D:2      | Reached skill level 1 in Stealth
  2208 | D:3      | Reached XP level 6. HP: 44/44 MP: 5/5
  2430 | D:3      | Reached skill level 6 in Dodging
  2555 | D:3      | Reached skill level 1 in Traps & Doors
  3404 | D:4      | Found Roress' Book Shop.
  3610 | D:4      | Reached skill level 1 in Stabbing
  3613 | D:4      | Reached XP level 7. HP: 48/48 MP: 6/6
  3866 | D:4      | Reached skill level 5 in Fighting
  3938 | D:5      | Entered Level 5 of the Dungeon
  3980 | D:5      | Found Qieria's Antique Weapon Shoppe.
  4289 | D:5      | Reached skill level 1 in Throwing
  4714 | D:5      | Noticed Prince Ribbit
  4763 | D:4      | Acquired Trog's third power
  4813 | D:4      | Reached skill level 7 in Dodging
  5134 | D:5      | Got a fine leather armour
  5160 | D:5      | Identified the +2 leather armour of the Kangaroo (You found it on level 5 of the Dungeon)
  5212 | D:5      | Noticed Grinder
  5418 | D:5      | Found a staircase to the Ecumenical Temple.
  5439 | D:6      | Reached XP level 8. HP: 55/55 MP: 7/7
  5480 | D:6      | Noticed Ijyb
  5500 | D:6      | Defeated Ijyb
  5678 | D:6      | Noticed Pikel
  5698 | D:6      | Defeated Pikel
  5698 | D:6      | Reached skill level 1 in Long Blades
  5698 | D:6      | Reached skill level 5 in Stealth
  5698 | D:6      | Reached skill level 1 in Spellcasting
  5883 | D:6      | Found a shattered altar of Ashenzari.
  5960 | D:6      | Found a glowing drain. 6092
                  | sewer
                  | Entered the sewers 6336
                  | sewer
                  | Reached skill level 8 in Dodging
  6756 | D:6      | Reached XP level 9. HP: 50/61 MP: 10/10
  8228 | D:7      | Reached skill level 1 in Shields
  8631 | D:7      | Paralysed by a giant eyeball for 2 turns
  8637 | D:7      | Paralysed by a giant eyeball for 2 turns
  8881 | D:7      | Reached skill level 1 in Slings
  9258 | D:7      | Reached skill level 9 in Dodging
  9410 | D:8      | Reached XP level 10. HP: 48/67 MP: 11/11
  9443 | D:8      | Noticed a wandering mushroom
  9444 | D:8      | Found a staircase to the Lair.
  9448 | D:8      | Noticed a wandering mushroom
  9503 | D:8      | Defeated a wandering mushroom
  9682 | D:8      | Defeated a wandering mushroom
  9721 | Lair:1   | Entered Level 1 of the Lair of Beasts
  9775 | D:8      | Found a burning altar of Makhleb.
 10967 | D:9      | Found a basalt altar of Yredelemnul.
 11023 | D:9      | Noticed a guardian serpent
 11063 | D:9      | Noticed a guardian serpent
 11915 | Lair:1   | Noticed a wandering mushroom
 11935 | Lair:1   | Noticed a wandering mushroom
 12027 | Lair:2   | Reached skill level 5 in Long Blades
 12162 | Lair:2   | Reached skill level 10 in Dodging
 12515 | Lair:1   | Received a gift from Trog
 12539 | Lair:1   | Noticed buffalo66's ghost (powerful HuWz)
 12583 | Lair:1   | Defeated buffalo66's ghost
 12583 | Lair:1   | Reached skill level 5 in Shields
 12583 | Lair:1   | Reached XP level 11. HP: 63/75 MP: 12/12
 12601 | Lair:1   | Noticed a wandering mushroom
 12610 | Lair:1   | Defeated a wandering mushroom
 12610 | Lair:1   | Reached skill level 5 in Traps & Doors
 12618 | Lair:1   | Noticed a wandering mushroom
 12619 | Lair:1   | Noticed a wandering mushroom
 12644 | Lair:1   | Noticed a wandering mushroom
 12657 | Lair:1   | Defeated a wandering mushroom
 12659 | Lair:1   | Noticed a wandering mushroom
 12674 | Lair:1   | Defeated a wandering mushroom
 12678 | Lair:1   | Noticed a wandering mushroom
 12705 | Lair:1   | Defeated a wandering mushroom
 12715 | Lair:1   | Defeated a wandering mushroom
 12732 | Lair:1   | Got a smoking ring mail
 12733 | Lair:1   | Identified the +1 ring mail "Foklon" (You found it on level 1 of the Lair of Beasts)
 12886 | Lair:1   | Reached skill level 5 in Slings
 13039 | Lair:1   | Defeated a wandering mushroom
 13063 | Lair:1   | Defeated a wandering mushroom
 13260 | Lair:1   | Noticed a wandering mushroom
 13271 | Lair:1   | Defeated a wandering mushroom
 13581 | Lair:2   | Reached skill level 11 in Dodging
 13998 | Lair:2   | Reached skill level 1 in Evocations
 14383 | Lair:2   | Identified a scroll of acquirement
 15052 | Lair:3   | Got a pair of encrusted gloves
 15056 | Lair:3   | Identified the +2 pair of gloves of Bukehi (You found it on level 3 of the Lair of Beasts)
 15522 | Lair:3   | Reached XP level 12. HP: 58/81 MP: 14/14
 15793 | Lair:3   | Received a gift from Trog
 17110 | Lair:4   | Reached skill level 12 in Dodging
 19781 | Lair:5   | Found a staircase to the Snake Pit.
 19832 | Lair:4   | Received a gift from Trog
 20139 | Lair:5   | Reached skill level 5 in Throwing
 20296 | Lair:5   | You fall through a shaft!
 21757 | Lair:6   | Found a staircase to the Shoals.
 21775 | Lair:6   | Reached skill level 10 in Fighting
 22410 | Lair:7   | Found a staircase to the Slime Pits.
 22433 | Lair:7   | Reached XP level 13. HP: 49/90 MP: 5/15
 22575 | Lair:7   | Received a gift from Trog
 22985 | Lair:1   | Reached skill level 13 in Dodging
 23508 | Lair:7   | Noticed a redback
 23528 | Lair:7   | Defeated a redback
 24092 | Lair:7   | Received a gift from Trog
 24833 | Lair:7   | Paralysed by a giant eyeball for 2 turns
 24980 | Lair:7   | Received a gift from Trog
 25095 | Lair:7   | Reached skill level 10 in Long Blades
 25383 | Lair:8   | Entered Level 8 of the Lair of Beasts
 26797 | Lair:8   | Reached skill level 14 in Dodging
 26977 | Lair:8   | Received a gift from Trog
 27153 | Lair:8   | Received a gift from Trog
 27232 | Lair:8   | Reached skill level 10 in Slings
 27232 | Lair:8   | Reached XP level 14. HP: 78/98 MP: 5/16
 27865 | Lair:8   | Received a gift from Trog
 28606 | D:9      | Defeated a guardian serpent
 28713 | D:9      | Found a staircase to the Orcish Mines.
 28742 | D:9      | Defeated a guardian serpent
 28846 | D:9      | Found a shimmering altar of Xom.
 29067 | Orc:1    | Entered Level 1 of the Orcish Mines
 29402 | Orc:3    | Found a roughly hewn altar of Beogh.
 29692 | Orc:2    | Received a gift from Trog
 30302 | Orc:3    | Noticed an orc warlord
 30340 | Orc:2    | Defeated an orc warlord
 30495 | Orc:3    | Received a gift from Trog
 30571 | Orc:3    | Reached skill level 15 in Dodging
 30854 | Orc:2    | Found Vofuhaf's Armour Shop.
 30956 | Orc:2    | Received a gift from Trog
 30972 | Orc:2    | Found a burning altar of Makhleb.
 31061 | Orc:2    | Noticed Nessos
 31062 | Orc:2    | Noticed Urug
 31093 | Orc:2    | Noticed Harold
 31122 | Orc:2    | Defeated Harold
 31122 | Orc:2    | Reached skill level 5 in Evocations
 31335 | Orc:2    | Bought the +3 crown of Dyrovepreva {Hunger rElec Int+2 SInv} for 752 gold pieces
 31431 | Orc:2    | Defeated Urug
 31436 | Orc:2    | Defeated Nessos
 31436 | Orc:2    | Reached skill level 10 in Shields
 32372 | Orc:4    | Entered Level 4 of the Orcish Mines
 32378 | Orc:4    | Noticed an orc high priest
 32391 | Orc:4    | Defeated an orc high priest
 32485 | Orc:4    | Received a gift from Trog
 32498 | Orc:4    | Got a transparent crossbow {god gift}
 32583 | Orc:4    | Noticed a cyclops
 32650 | Orc:4    | Noticed Psyche
 32650 | Orc:4    | Paralysed by Psyche for 7 turns
 32660 | Orc:4    | Defeated Psyche
 32919 | Orc:4    | Defeated a cyclops
 33540 | Orc:4    | Found Gism's Food Boutique.
 33633 | Orc:4    | Found a staircase to the Elven Halls.
 33650 | Orc:4    | Received a gift from Trog
 33861 | Orc:4    | Noticed an orc high priest
 34241 | Orc:4    | Found Ghasch's Food Boutique.
 34241 | Orc:4    | Found Plaegan's Antique Weapon Shop.
 34242 | Orc:4    | Found Broim's Magical Wand Shop.
 34243 | Orc:4    | Noticed an orc high priest
 34243 | Orc:4    | Noticed an orc high priest
 34257 | Orc:4    | Found Vushope's Weapon Boutique.
 34261 | Orc:4    | Defeated an orc high priest
 34264 | Orc:4    | Defeated an orc high priest
 34287 | Orc:4    | Noticed an orc high priest
 34290 | Orc:4    | Defeated an orc high priest
 34290 | Orc:4    | Reached XP level 15. HP: 101/105 MP: 5/17
 34990 | D:10     | Entered Level 10 of the Dungeon
 35014 | D:10     | Noticed tsouns' ghost (experienced MDBe)
 35046 | D:10     | Defeated tsouns' ghost
 35617 | D:10     | Received a gift from Trog
 36887 | D:12     | Found a labyrinth entrance.
 36910 | Lab      | Entered a Labyrinth
 37006 | Lab      | Got a pair of faintly glowing gloves
 37032 | Lab      | Identified the +2 pair of gloves "Felul" (You found it in a Labyrinth)
 37246 | Lab      | Reached skill level 16 in Dodging
 37271 | Lab      | Got a fine robe
 37279 | Lab      | Identified the cursed +0 robe of Trog's Benevolence (You found it in a Labyrinth)
 37300 | Lab      | Received a gift from Trog
 37383 | D:12     | Found Psuzuub's Assorted Antiques.
 37395 | D:12     | Bought a potion of healing for 52 gold pieces
 37395 | D:12     | Bought a scroll of identify for 52 gold pieces
 37970 | D:13     | Noticed Maurice
 37999 | D:13     | Noticed Erolcha
 38009 | D:13     | Defeated Erolcha
 38142 | D:13     | Noticed Jozef
 38219 | D:13     | Defeated Jozef
 38879 | D:13     | Defeated Maurice
 38920 | D:13     | Identified a +1 cloak of preservation (You took it off Maurice on level 13 of the Dungeon)
 40081 | D:14     | Received a gift from Trog
 40085 | D:14     | Noticed Azrael
 40122 | D:14     | Defeated Azrael
 40501 | D:14     | Reached skill level 10 in Traps & Doors
 40771 | D:14     | Received a gift from Trog
 40941 | D:15     | Entered Level 15 of the Dungeon
 41093 | D:15     | Found a staircase to the Hive.
 41391 | D:15     | Reached XP level 16. HP: 107/114 MP: 18/18
 41430 | D:15     | Reached skill level 17 in Dodging
 41751 | D:15     | Found an iron altar of Okawaru.
 42124 | D:16     | Found a staircase to the Vaults.
 42666 | D:15     | Received a gift from Trog
 43266 | D:16     | Found a frozen archway.
 43279 | IceCv    | Entered an ice cave
 43684 | IceCv    | Received a gift from Trog
 44095 | IceCv    | Reached skill level 18 in Dodging
 44526 | D:15     | Received a gift from Trog
 44599 | Hive:1   | Entered Level 1 of the Hive
 44900 | Hive:2   | Entered Level 2 of the Hive
 45143 | Hive:2   | Received a gift from Trog
 45763 | Hive:2   | Received a gift from Trog
 45923 | Hive:2   | Received a gift from Trog
 46029 | Hive:2   | Reached XP level 17. HP: 121/121 MP: 6/19
 47201 | Hive:2   | Received a gift from Trog
 47733 | Vault:1  | Entered Level 1 of the Vaults
 47992 | Vault:1  | Received a gift from Trog
 48108 | Vault:1  | Got a polished ring mail
 48161 | Vault:1  | Identified the +6 ring mail "Beitzah" (You found it on level 1 of the Vaults)
 48465 | Vault:1  | Found Zioqurch's Armour Shoppe.
 48474 | Vault:1  | Bought a +0 pair of boots for 36 gold pieces
 48562 | Vault:1  | Received a gift from Trog
 49223 | Vault:2  | Found Chogoado's Book Boutique.
 49417 | Vault:2  | Found Klec Esi's General Store.
 49434 | Vault:2  | Reached skill level 19 in Dodging
 49751 | Vault:2  | Reached skill level 15 in Fighting
 49856 | Vault:2  | Noticed Louise
 49896 | Vault:2  | Defeated Louise
 50282 | Vault:2  | Found Zang's Magical Wand Boutique.
 50378 | Vault:3  | Found Khunt's Antique Weapon Emporium.
 50419 | Vault:3  | Reached XP level 18. HP: 121/130 MP: 6/19
 50492 | Vault:3  | Received a gift from Trog
 51940 | Vault:4  | Found Falojixo's Jewellery Boutique.
 51966 | Vault:4  | Bought an uncursed ring of poison resistance for 240 gold pieces
 52382 | Snake:1  | Entered Level 1 of the Snake Pit
 52396 | Snake:1  | Received a gift from Trog
 52825 | Snake:1  | Received a gift from Trog
 53338 | Snake:1  | Reached skill level 20 in Dodging
 53518 | Snake:2  | Noticed Snorg
 53676 | Snake:2  | Defeated Snorg
 54060 | Snake:2  | Received a gift from Trog
 54797 | Snake:3  | Reached XP level 19. HP: 136/136 MP: 6/20
 55091 | Snake:3  | Noticed Rupert
 55107 | Snake:3  | Defeated Rupert
 55109 | Snake:3  | Received a gift from Trog
 55468 | Snake:3  | Received a gift from Trog
 55662 | Snake:4  | Noticed buffalo66's ghost (mighty DEWz)
 55686 | Snake:4  | Defeated buffalo66's ghost
 56095 | Snake:4  | Noticed Nergalle
 56119 | Snake:4  | Defeated Nergalle
 56668 | Snake:5  | Entered Level 5 of the Snake Pit
 57143 | Snake:5  | Received a gift from Trog
 57262 | Snake:5  | Received a gift from Trog
 57485 | Snake:5  | Noticed Wiglaf
 57685 | Snake:5  | Received a gift from Trog
 57758 | Snake:5  | Defeated Wiglaf
 57922 | Snake:5  | Got a serpentine rune of Zot
 58089 | Snake:5  | Noticed Frances
 58113 | Snake:5  | Defeated Frances
 58198 | Snake:5  | Received a gift from Trog
 58233 | Snake:5  | Got a steaming sling {god gift}
 58234 | Snake:5  | Identified the -4,+0 sling of the Inferno {god gift} (Trog gifted it to you on level 5 of the Snake Pit)
 59837 | D:17     | Reached XP level 20. HP: 112/146 MP: 7/21
 59921 | D:17     | Received a gift from Trog
 61508 | D:19     | Found Mneus' Jewellery Shoppe.
 61606 | D:19     | Reached skill level 21 in Dodging
 61962 | D:20     | Entered Level 20 of the Dungeon
 62293 | D:20     | Received a gift from Trog
 62570 | D:20     | You are cast into the Abyss!
 62570 | D:20     | Cast into the Abyss (a Zot trap)
 62570 | Abyss    | Entered The Abyss
 62572 | Abyss    | Gained mutation: Your mind is acute (Int +1).
 62981 | Abyss    | Reached skill level 10 in Stealth
 63118 | Abyss    | Noticed a silent spectre
 63159 | Abyss    | Defeated a silent spectre
 63180 | Abyss    | Noticed a cyan ugly thing
 63325 | Abyss    | Noticed a sky beast
 63365 | Abyss    | Defeated a sky beast
 63365 | Abyss    | Received a gift from Trog
 63563 | Abyss    | Noticed a soul eater
 63613 | Abyss    | Defeated a soul eater
 63622 | Abyss    | Noticed a jelly
 63654 | Abyss    | Defeated a jelly
 63675 | Abyss    | Noticed an ice beast
 63684 | Abyss    | Defeated an ice beast
 63684 | Abyss    | Received a gift from Trog
 63856 | Abyss    | Noticed a crystal golem
 63870 | Abyss    | Noticed a mottled draconian
 63877 | Abyss    | Noticed a white ugly thing
 63880 | Abyss    | Noticed a white ugly thing
 63901 | Abyss    | Defeated a mottled draconian
 63901 | Abyss    | Reached skill level 15 in Shields
 63913 | Abyss    | Defeated a white ugly thing
 64020 | Abyss    | Got a transparent golden ring
 64021 | Abyss    | Identified the ring of Cirent (You found it in the Abyss)
 64060 | Abyss    | Noticed a fire elemental
 64070 | Abyss    | Defeated a fire elemental
 64227 | Abyss    | Noticed a fire elemental
 64243 | Abyss    | Got an abyssal rune of Zot
 64284 | Abyss    | Noticed a black draconian knight
 64557 | Abyss    | Reached XP level 21. HP: 154/154 MP: 7/21
 64603 | Abyss    | Noticed a pale draconian simulacrum
 64610 | Abyss    | Defeated a pale draconian simulacrum
 64661 | Abyss    | Noticed a reaper
 64678 | Abyss    | Noticed a great orb of eyes
 64685 | Abyss    | Noticed a fire elemental
 64701 | Abyss    | Defeated a great orb of eyes
 64706 | Abyss    | Defeated a reaper
 64740 | Abyss    | Defeated a fire elemental
 65006 | Abyss    | Noticed a purple ugly thing
 65010 | Abyss    | Noticed a purple ugly thing
 65015 | Abyss    | Noticed a naga mage
 65036 | D:20     | You pass through the gate.
 65129 | D:20     | Received a gift from Trog
 65929 | Vault:4  | Noticed Boris
 65971 | Vault:4  | Defeated Boris
 66743 | Vault:5  | Found a staircase to the Hall of Blades.
 67628 | Vault:6  | Received a gift from Trog
 67677 | Vault:6  | Received a gift from Trog
 68244 | Vault:6  | Reached skill level 22 in Dodging
 68244 | Vault:6  | Reached XP level 22. HP: 147/162 MP: 7/22
 68335 | Vault:6  | Received a gift from Trog
 68660 | Vault:7  | A slime creature changed into a pulsating lump
 68661 | Vault:7  | A pulsating lump changed into a trapdoor spider
 69597 | Vault:7  | Received a gift from Trog
 69763 | Vault:7  | Received a gift from Trog
 69855 | Vault:7  | Found Cuil's Weapon Shoppe.
 70490 | Shoals:1 | Entered Level 1 of the Shoals
 72052 | Shoals:3 | Received a gift from Trog
 72075 | Shoals:3 | Got a faintly glowing sling {god gift}
 72086 | Shoals:3 | Identified the sling of Trog's Fury {god gift, velocity, Dex+3} (Trog gifted it to you on level 3 of the Shoals)
 73273 | Orc:4    | Defeated an orc high priest
 73308 | Orc:4    | Bought a wand of lightning (11) for 210 gold pieces
 74360 | Shoals:4 | Reached XP level 23. HP: 148/166 MP: 7/22
 74567 | Shoals:4 | Received a gift from Trog
 74687 | Shoals:5 | Entered Level 5 of the Shoals
 74789 | Shoals:5 | Noticed Saint Roka
 75508 | Shoals:5 | Received a gift from Trog
 75734 | Shoals:5 | Received a gift from Trog
 75978 | Shoals:5 | Got a barnacled rune of Zot
 76342 | Shoals:5 | Received a gift from Trog
 76383 | Shoals:5 | Got a slimy lead ring
 76386 | Shoals:5 | Identified the ring "Clymees" (You found it on level 5 of the Shoals)
 76918 | Shoals:5 | Got an encrusted sling
 76919 | Shoals:5 | Identified the cursed +3,+6 sling "Ceggeoxt" (You found it on level 5 of the Shoals)
 77499 | Elf:1    | Entered Level 1 of the Elven Halls
 77506 | Elf:1    | Found a burning altar of Makhleb.
 77965 | Elf:1    | Found Skeashal's Magical Wand Shop.
 78629 | Elf:1    | Received a gift from Trog
 79238 | Elf:2    | Received a gift from Trog
 79348 | Elf:2    | Found Yfruc's Weapon Boutique.
 79541 | Elf:2    | Received a gift from Trog
 79783 | Elf:2    | Got a slimy helmet
 79787 | Elf:2    | Identified the +0 helmet of the Lobster (You acquired it on level 2 of the Elven Halls)
 80071 | Elf:3    | Found Cianwoaz's Book Shop.
 80280 | Elf:3    | Received a gift from Trog
 81249 | Elf:4    | Received a gift from Trog
 82688 | D:21     | Received a gift from Trog
 82709 | D:21     | Paralysed by an ogre mage for 3 turns
 82757 | D:21     | Found a gateway to Hell.
 82782 | D:21     | Found a one-way gate to the infinite horrors of the Abyss.
 82905 | D:21     | Received a gift from Trog
 83291 | D:21     | Noticed a crystal guardian
 83322 | D:21     | Defeated a crystal guardian
 83329 | D:21     | Noticed a crystal guardian
 83330 | D:21     | Noticed a crystal guardian
 83370 | D:21     | Defeated a crystal guardian
 83430 | D:21     | Noticed a crystal guardian
 83447 | D:21     | Defeated a crystal guardian
 83452 | D:21     | Noticed a crystal guardian
 83486 | D:21     | Defeated a crystal guardian
 83509 | D:21     | Defeated a crystal guardian
 83561 | D:21     | Noticed a crystal guardian
 83597 | D:21     | Noticed a crystal guardian
 83629 | D:21     | Defeated a crystal guardian
 83633 | D:21     | Noticed a crystal guardian
 83665 | D:21     | Defeated a crystal guardian
 83675 | D:21     | Defeated a crystal guardian
 83724 | D:21     | Noticed a crystal guardian
 83728 | D:21     | Noticed a crystal guardian
 83745 | D:21     | Defeated a crystal guardian
 83773 | D:21     | Defeated a crystal guardian
 83773 | D:21     | Reached skill level 23 in Dodging
 83797 | D:21     | Noticed a crystal guardian
 83798 | D:21     | Noticed a crystal guardian
 83836 | D:21     | Defeated a crystal guardian
 83856 | D:21     | Defeated a crystal guardian
 83937 | D:22     | Reached XP level 24. HP: 179/179 MP: 7/23
 84019 | D:22     | Noticed Agnes
 84044 | D:22     | Defeated Agnes
 84545 | D:22     | Reached skill level 15 in Stealth
 84738 | D:22     | Received a gift from Trog
 85324 | D:23     | Found a one-way gate leading to the halls of Pandemonium.
 85884 | D:24     | Noticed Mennas
 86236 | D:24     | Received a gift from Trog
 86904 | D:24     | Defeated Mennas
 87392 | D:25     | Entered Level 25 of the Dungeon
 87645 | D:24     | Received a gift from Trog
 88036 | D:25     | Found Iho Siass' Distillery.
 88042 | D:25     | Noticed Frederick
 88066 | D:25     | Defeated Frederick
 88137 | D:25     | Reached XP level 25. HP: 179/185 MP: 11/24
 88222 | D:25     | Noticed Margery
 88247 | D:25     | Defeated Margery
 88393 | D:25     | Found a gateway to a ziggurat.
 89014 | D:25     | Received a gift from Trog
 89017 | D:25     | Got a transparent falchion {god gift}
 89020 | D:25     | Got a twitching amber ring
 89021 | D:25     | Identified the falchion "Transmigrator" {god gift, speed, Dex+2} (Trog gifted it to you on level 25 of the Dungeon)
 89034 | D:25     | Identified the ring "Lotoesha" (You found it on level 25 of the Dungeon)
 89274 | Hell     | Entered the Vestibule of Hell
 89274 | Hell     | Noticed Geryon
 89574 | Hell     | Defeated Geryon
 89574 | Hell     | Reached skill level 24 in Dodging
 91058 | D:26     | Found a magical portal.
 91065 | WizLab   | Entered Wucad Mu's Monastery
 91778 | WizLab   | Noticed KingEdRock's ghost (mighty DEWz)
 91876 | WizLab   | Defeated KingEdRock's ghost
 91911 | WizLab   | Gained mutation: Your muscles are strong (Str +1).
 91923 | WizLab   | Reached XP level 26. HP: 187/195 MP: 8/24
 92141 | D:26     | Received a gift from Trog
 92168 | D:26     | Noticed a shining eye
 92172 | D:26     | A shining eye changed into a lindwurm
 92174 | D:26     | A lindwurm changed into a pulsating lump
 92177 | D:26     | A pulsating lump changed into a moth of wrath
 92184 | D:26     | A moth of wrath changed into a shining eye
 92186 | D:26     | Defeated a shining eye
 92454 | D:26     | Reached XP level 27. HP: 149/202 MP: 25/25
 93194 | D:27     | Entered Level 27 of the Dungeon
 93725 | D:27     | Noticed a bone dragon
 93796 | D:27     | Defeated a bone dragon
 93820 | D:27     | Reached skill level 25 in Dodging
 93953 | D:27     | Noticed a golden dragon
 93970 | D:27     | Defeated a golden dragon
 94117 | D:27     | Noticed a pulsating lump
 94149 | D:27     | Defeated a pulsating lump
 94196 | D:27     | Received a gift from Trog
 94496 | D:27     | Received a gift from Trog
 95217 | D:27     | Gained mutation: You have a pair of small horns on your head.
 96071 | Vault:8  | Entered Level 8 of the Vaults
 96112 | Vault:7  | Reached skill level 1 in Unarmed Combat
 96815 | Vault:8  | Noticed a shining eye
 96867 | Vault:8  | Reached skill level 26 in Dodging
 97124 | Vault:8  | A slime creature changed into a shining eye
 97129 | Vault:8  | A shining eye changed into a cyclops
 97145 | Vault:8  | Received a gift from Trog
 97164 | Vault:8  | Identified a +3 rod of summoning (12/12) (You found it on level 8 of the Vaults)
 97219 | Vault:8  | A glowing shapeshifter changed into a shining eye
 97221 | Vault:8  | Defeated a shining eye
 97558 | Vault:8  | Received a gift from Trog
 97588 | Vault:8  | Got a silver rune of Zot
 97671 | Vault:8  | Noticed a deep elf sorcerer
 97685 | Vault:8  | Defeated a deep elf sorcerer
 97916 | Vault:8  | Reached skill level 27 in Dodging
 98209 | Vault:8  | Noticed a pulsating lump
 98215 | Vault:8  | A pulsating lump changed into a merfolk
 98269 | Vault:8  | Noticed a golden dragon
 98344 | Vault:8  | Defeated a golden dragon
 98526 | Vault:8  | Received a gift from Trog
 98940 | Vault:8  | Got a heavily runed platinum amulet
 99077 | Vault:8  | Got a smoking long sword
 99123 | Vault:8  | Identified the amulet "Miczaf" (You found it on level 8 of the Vaults)
 99123 | Vault:8  | Identified the cursed -1,+0 long sword of Res Nullius (You found it on level 8 of the Vaults)
 99717 | Vault:4  | Bought an uncursed amulet of resist mutation for 480 gold pieces
100084 | Zot:1    | Entered Level 1 of the Realm of Zot
100111 | Zot:1    | Received a gift from Trog
101329 | Zot:1    | Received a gift from Trog
101984 | Zot:2    | Reached skill level 5 in Armour
102410 | Zot:2    | Reached skill level 15 in Long Blades
102665 | Zot:3    | Got a pitted shield
102668 | Zot:3    | Identified the +0 shield of the Pit (You acquired it on level 3 of the Realm of Zot)
103201 | Zot:3    | Reached skill level 15 in Slings
103834 | Zot:3    | Received a gift from Trog
104420 | Zot:4    | Received a gift from Trog
105061 | Zot:5    | Entered Level 5 of the Realm of Zot
106002 | Zot:5    | Received a gift from Trog
106032 | Zot:5    | Noticed an ancient lich
106167 | Zot:5    | Noticed an ancient lich
106204 | Zot:5    | Defeated an ancient lich
106219 | Zot:5    | Noticed an orb of fire
106739 | Zot:5    | Defeated an ancient lich
106833 | Zot:5    | Defeated an orb of fire
106884 | Zot:5    | Noticed an orb of fire
106925 | Zot:5    | Defeated an orb of fire
106925 | Zot:5    | Reached skill level 10 in Armour
106932 | Zot:5    | Noticed an orb of fire
106955 | Zot:5    | Defeated an orb of fire
107143 | Zot:5    | Noticed an orb of fire
107221 | Zot:5    | Gained mutation: Your body is slowly deteriorating.
107248 | Zot:5    | Defeated an orb of fire
108188 | Zot:5    | Got the Orb of Zot
108197 | Zot:5    | Noticed Klue the pandemonium lord
108197 | Zot:5    | Noticed an ancient lich
108200 | Zot:5    | Noticed an orb of fire
108203 | Zot:5    | Noticed an ancient lich
108238 | Zot:5    | Noticed an ancient lich
108996 | D:$      | Escaped with the Orb!
